 Dungeon Crawl Stone Soup version 0.27-a0-1272-g7c8ad2e407 (webtiles) character file.

Game seed: 1313543156123818799

415 MirrMurr the Covert (level 6, 0/28 HPs)
             Began as a Spriggan Enchanter on June 11, 2021.
             Hit by a boomerang thrown by an orc warrior (5 damage)
             ... on level 5 of the Dungeon.
             The game lasted 00:11:37 (6229 turns).

MirrMurr the Covert (Spriggan Enchanter)            Turns: 6229, Time: 00:11:37

Health: 0/28       AC:  2    Str:  6    XL:     6   Next: 60%
Magic:  12/12      EV: 17    Int: 17    God:
Gold:   25         SH:  0    Dex: 15    Spells: 2/11 levels left

rFire    . . .     SeeInvis +   a - +2 dagger (elec)
rCold    . . .     Faith    .   (shield restricted)
rNeg     . . .     Spirit   .   b - +0 robe
rPois    .         Reflect  .   (helmet restricted)
rElec    .         Harm     .   (no cloak)
rCorr    .         Rampage  .   (gloves unavailable)
Will     +....                  (boots unavailable)
Stlth    ++++......             (no amulet)
HPRegen  0.09/turn              (no ring)
MPRegen  0.13/turn              (no ring)

@: very quick
A: very small, no large weapons, unfitting armour, see invisible, speed 3
a: no special abilities


You were on level 5 of the Dungeon.
You visited 1 branch of the dungeon, and saw 5 of its levels.

You collected 193 gold pieces.
You spent 168 gold pieces at shops.

Inventory:

Hand Weapons
 a - a +2 dagger of electrocution (weapon)
Missiles
 e - 6 boomerangs (quivered)
 f - 50 stones
 l - 34 sling bullets
 s - 10 poisoned darts
Armour
 b - a +0 robe (worn)
 c - a +0 buckler
Jewellery
 n - an amulet of magic regeneration
 o - a ring of fire
 q - a +6 ring of dexterity
Scrolls
 i - a scroll of fog
 m - a scroll of silence
Potions
 d - a potion of flight {unknown}
 g - a potion of degeneration {unknown}
 h - 3 potions of curing
 j - 2 potions of haste
 k - 5 potions of might
 p - a potion of invisibility {unknown}
 r - 2 potions of heal wounds {unknown}


   Skills:
 - Level 5.0 Short Blades
 - Level 2.6 Dodging
 - Level 8.0 Stealth
 + Level 3.3 Spellcasting
 * Level 4.6 Hexes


You had 2 spell levels left.
You knew the following spells:

 Your Spells              Type           Power      Damage    Failure   Level
a - Ensorcelled Hibernat  Hex/Ice        20%        N/A       10%         2
b - Confusing Touch       Hex            18%        N/A       8%          3
c - Tukima's Dance        Hex            18%        N/A       8%          3
A - Apportation           Tloc           4%         N/A       17%         1

Your spell library contained the following spells:

 Spells                   Type           Power      Damage    Failure   Level
 Corona                   Hex            20%        N/A       2%          1
 Animate Skeleton         Necr           4%         N/A       17%         1
 Summon Small Mammal      Summ           8%         N/A       17%         1
 Dazzling Flash           Conj/Hex       20%        N/A       21%         3


Dungeon Overview and Level Annotations

Branches:
Dungeon (5/15)             Temple (0/1) D:5

Altars:
Elyvilon
Gozag

Shops:
D:4 (


Innate Abilities, Weirdness & Mutations

You are very small and have problems with some larger weapons.
You are too small for most types of armour.
You have supernaturally acute eyesight. (SInv)
You cover ground extremely quickly. (Speed+++)


Message History

Confirm with . or Enter, or press ? or * to list all spells.
Aiming: Ensorcelled Hibernation (safe; 10% risk of failure)
Press: ? - help, Shift-Dir - straight line, f/p - adder
Aim: an adder (chance to affect: 50%)
The adder looks drowsy...
You are too injured to fight recklessly!
There are monsters nearby!
Unknown command.
The helpless adder fails to defend itself.
You perforate the adder like a sieve!!! Lightning courses through the adder!
You kill the adder!
You hit the kobold.
You kill the kobold!
s - 10 poisoned darts (gained 8)
Items here: ))) ††††.
Magic restored.
HP restored.
Things that are here:
a +0 club; a kobold corpse You now have 25 gold pieces (gained 14).
A centaur comes into view.
Found a brown potion.
An orc and an orc warrior come into view.
The orc warrior shouts!
Found 22 stones.
An orc comes into view. It is wielding a +0 short sword.
An orc priest comes into view. It is wielding a +1 antimagic falchion.
The orc warrior throws a boomerang.
The boomerang barely misses you.
A phantom comes into view.
The centaur shouts!
The orc priest shouts!
The orc shouts!
Found 8 boomerangs.
You see here 15 gold pieces.
The centaur wields a +0 shortbow.
The centaur shoots an arrow.
The arrow hits you!
The orc warrior hits you from afar with a +0 halberd.
The centaur shoots an arrow.
The arrow completely misses you.
The centaur shoots an arrow.
The arrow hits you.
* * * LOW HITPOINT WARNING * * *
The orc warrior throws a boomerang.
The boomerang hits you.
You die...

...!...# .> #..W..# # .
#######$ooc.## #.#.
.......o..o..# #...###
.............# #.>.#.#
............######...#.#####
............##...#####......
######.##.##...##.........#####
##.#######.##..@##........###.##
#....#......+....#.......##..#..
#....#......#....#.........#...#
#....#......#....#.......#...#..
##.####.##.##...##.....#...#...#
###'####.##.##...##.......#...#..
........................#...#...#
..........................#...#..
........................#...#.[.#


You could see an orc warrior, a phantom, a centaur, an orc priest and 2 orcs.

Vanquished Creatures
  A kobold brigand (D:5)
  A bullfrog zombie (D:5)
  A jelly (D:4)
  An orc priest (D:3)
  2 iguanas (D:5)
  A howler monkey zombie (D:5)
  3 adders
  2 worms
  2 dart slugs
  2 orcs
  6 ball pythons
  7 endoplasms
  3 giant cockroaches
  8 goblins
  5 hobgoblins
  4 jackals (D:1)
  8 kobolds
  2 quokkas
  5 bats
  10 frilled lizards
  4 rats (D:2)
78 creatures vanquished.

Vanquished Creatures (collateral kills)
  Sigmund (D:4)
1 creature vanquished.

Grand Total: 79 creatures vanquished

Notes
Turn   | Place    | Note
-------+----------+-------------------------------------------
     0 | D:1      | MirrMurr the Spriggan Enchanter began the quest for the
                  | Orb.
     0 | D:1      | Reached XP level 1. HP: 9/9 MP: 5/5
   472 | D:1      | Reached skill level 5 in Stealth
   472 | D:1      | Reached XP level 2. HP: 4/13 MP: 6/6
   475 | D:1      | Learned a level 2 spell: Ensorcelled Hibernation
  1096 | D:1      | Learned a level 1 spell: Apportation
  1128 | D:1      | Found a faded altar of an unknown god.
  1379 | D:2      | Reached XP level 3. HP: 15/16 MP: 8/8
  2581 | D:4      | Found Voonehun's Weapon Emporium.
  2595 | D:4      | Noticed Sigmund
  2699 | D:3      | Reached skill level 6 in Stealth
  2858 | D:3      | Reached XP level 4. HP: 19/21 MP: 4/9
  4164 | D:4      | Learned a level 3 spell: Confusing Touch
  4281 | D:4      | Found a white marble altar of Elyvilon.
  4549 | D:4      | Reached skill level 7 in Stealth
  4579 | D:4      | Reached XP level 5. HP: 15/24 MP: 1/10
  4696 | D:4      | Found an opulent altar of Gozag.
  4719 | D:4      | Learned a level 3 spell: Tukima's Dance
  5052 | D:4      | Killed Sigmund
  5465 | D:5      | Entered Level 5 of the Dungeon
  5539 | D:4      | Bought a +1 dagger of electrocution for 168 gold pieces
  5568 | D:5      | Reached skill level 8 in Stealth
  5568 | D:5      | Reached XP level 6. HP: 28/28 MP: 11/11
  5574 | D:5      | Reached skill level 5 in Short Blades
  5980 | D:5      | Found a staircase to the Ecumenical Temple.
  6219 | D:5      | Noticed an orc warrior
  6229 | D:5      | Hit by a boomerang thrown by an orc warrior

Illustrated notes

Levels and vault maps discovered:
D:1:      lemuel_arrival_behind_the_door_large, layout_rooms,
          hellmonk_ecumenical_altar_run_dry
D:2:      layout_loops_ring
D:3:      layout_basic, fountainhead
D:4:      layout_basic, lemuel_doored_altar, general_overflow_altar,
          serial_shops, shop, uniq_sigmund
D:5:      minmay_clustersquares, layout_gridville,
          grunt_dithmenos_smoke_and_mirrors, minmay_temple_entry_from_below_a,
          minmay_misc_feat_columns, hangedman_abyss_or_decor_passed, hex_medium

Skill      XL: |  1  2  3  4  5  6 |
---------------+-------------------+-----
Stealth        | 5 6 7 8 |  8.0
Short Blades   | 2 3 4 5 |  5.0
Hexes          | 4 |  4.6
Spellcasting   | 3 |  3.3
Dodging        | |  2.6

Action                   |  1- 3 |  4- 6 || total
-------------------------+-------+-------++-------
Melee: Dagger            |   191 |    76 ||   267
 Cast: Ensorcelled Hiber |    10 |    21 ||    31
       Tukima's Dance    |       |     1 ||     1
       Confusing Touch   |       |     1 ||     1
  Use: Scroll            |       |     9 ||     9
 Stab: Sleeping          |    15 |    17 ||    32
       Distracted        |     1 |       ||     1
Armor: Robe              |    26 |     7 ||    33
Dodge: Dodged            |   143 |    44 ||   187

Table legend: (Time is in decaauts)
 A = Elapsed time spent in this place.
 B = Non-inter-level travel time spent in this place.
 C = Inter-level travel time spent in this place.
 D = Time resting spent in this place.
 E = Time spent auto-exploring this place.
 F = Levels seen in this place.
 G = Mean time per level.
                   A        B        C        D        E       F      G
               +--------+--------+--------+--------+--------+-----+--------+
         Total |   5033 |   4888 |    145 |   1674 |   2518 |   5 | 1006.6 |
       Dungeon |   5033 |   4888 |    145 |   1674 |   2518 |   5 | 1006.6 |
               +--------+--------+--------+--------+--------+-----+--------+

Top non-repeatable levels by time:
     D:4: 1528 daAuts
     D:1: 1138 daAuts
     D:3: 1090 daAuts
     D:2: 834 daAuts
     D:5: 442 daAuts
